 Dungeon Crawl Stone Soup version 0.28.0-49-g6dfe1f597d (webtiles) character file.

Game seed: 12942718745062442745

18 Zeld the Insei (level 2, -5/18 HPs)
             Began as an Octopode Transmuter on May 11, 2022.
             Slain by Terence
             ... wielding a +0 morningstar
              (10 damage)
             ... on level 2 of the Dungeon.
             The game lasted 00:01:05 (973 turns).

Zeld the Insei (Octopode Transmuter)                 Turns: 973, Time: 00:01:05

Health: -5/18      AC:  1    Str:  9    XL:     2   Next: 70%
Magic:  4/5        EV: 13    Int: 15    God:
Gold:   14         SH:  0    Dex: 12    Spells: 2/5 levels left

rFire   . . .      SeeInvis .     - Unarmed
rCold   . . .      Faith    .   (no shield)
rNeg    . . .      Spirit   .   (helmet restricted)
rPois   .          Reflect  .   (no amulet)
rElec   .          Harm     .   (no ring)
rCorr   .          Rampage  .   (no ring)
Will    .....                   (no ring)
Stlth   +++.......              (no ring)
HPRegen 0.06/turn               (no ring)
MPRegen 0.09/turn               (no ring)
                                (no ring)
                                (no ring)

@: very slightly contaminated
A: almost no armour, amphibious, 8 rings, camouflage 1, gelatinous body 1,
(nimble swimmer 1), tentacles
a: no special abilities


You were on level 2 of the Dungeon.
You visited 1 branch of the dungeon, and saw 2 of its levels.

You collected 14 gold pieces.

Inventory:

Scrolls
 a - a scroll of magic mapping {unknown}
 b - a scroll of immolation {unknown}
 c - 2 scrolls of identify {unknown}
 d - a scroll of fear {unknown}
 e - a scroll of silence {unknown}


   Skills:
 * Level 1.4 Fighting
 + Level 2.1 Dodging
 + Level 1.0 Stealth
 + Level 3.0 Unarmed Combat
 * Level 2.2 Spellcasting
 * Level 2.3 Transmutations


You had 2 spell levels left.
You knew the following spells:

 Your Spells              Type           Power      Damage    Failure   Level
a - Beastly Appendage     Tmut           16%        N/A       9%          1
b - Wereblood             Tmut           8%         N/A       13%         2

Your spell library contained the following spells:

 Spells                   Type           Power      Damage    Failure   Level
 Ensorcelled Hibernation  Hex/Ice        2%         N/A       32%         2
 Spider Form              Tmut/Pois      5%         N/A       38%         3
 Ice Form                 Ice/Tmut       5%         N/A       80%         4
 Anguish                  Hex/Necr       0%         N/A       91%         4


Dungeon Overview and Level Annotations

Branches:
Dungeon (2/15)

Altars:

Shops:
D:1 :

Annotations:
D:2 Terence


Innate Abilities, Weirdness & Mutations

You cannot wear most types of armour.
You are amphibious.
You can wear up to eight rings at the same time.
Your skin changes colour to match your surroundings (Stealth+).
Your rubbery body absorbs attacks. (AC +1, EV +1)
((You are camouflaged when in or above water. (Stealth+)))
You have tentacles for arms and can constrict up to eight enemies at once.


Message History

No target in view!
Done exploring.
No target in view!
No target in view!
Done exploring.
Things that are here:
a +0 short sword; a kobold skeleton
There is a stone staircase leading down here.
Done exploring.
Done exploring.
You climb downwards.
There is a stone staircase leading up here.
Found 2 throwing nets.
Okay, then.
Found a stone staircase leading up.
You see here 2 throwing nets.
There is a stone staircase leading up here.
Found 23 arrows.
Memorise Wereblood, consuming 2 spell levels and leaving 2?
You start memorising the spell.
You continue memorising. x2
You finish memorising.
Spell assigned to 'b'.
You see here 23 arrows.
Terence the Incautious comes into view.
He is wielding a +0 morningstar.
Terence shouts!
Terence is nearby!
Terence is nearby!
Terence is nearby!
Casting: Beastly Appendage (safe; 9% risk of failure)
Confirm with . or Enter, or press ? or * to list all spells.
You miscast Beastly Appendage.
You are very lightly contaminated with residual magic.
Nothing appears to happen.
A worm comes into view.
Terence hits you with a +0 morningstar!
Ouch! That really hurt!
* * * LOW HITPOINT WARNING * * *
You are too injured to fight recklessly!
Terence hits you with a +0 morningstar!
Ouch! That really hurt!
You die...

...### .# #.w..##.#
#.......# #.......#
#......## #......#
#....#..# #.@$.#
##@### #.### #...#
###.# #.##
##################..#
....(...<.........(.#
#####################


You could see Terence and a worm.

Vanquished Creatures
  2 dart slugs (D:1)
  2 bats (D:1)
  2 endoplasms (D:1)
  A giant cockroach (D:1)
  A hobgoblin (D:1)
  2 frilled lizards (D:1)
  2 kobolds (D:1)
  3 rats (D:1)
15 creatures vanquished.

Notes
Turn   | Place    | Note
-------+----------+-------------------------------------------
     0 | D:1      | Zeld the Octopode Transmuter began the quest for the Orb.
     0 | D:1      | Reached XP level 1. HP: 13/13 MP: 3/3
   204 | D:1      | Reached XP level 2. HP: 18/18 MP: 3/5
   451 | D:1      | Found Saureh's Book Emporium.
   835 | D:1      | Reached skill level 1 in Stealth
   952 | D:2      | Learned a level 2 spell: Wereblood
   966 | D:2      | Noticed Terence
   973 | D:2      | Slain by Terence

Illustrated notes

Levels and vault maps discovered:
D:1:      dpeg_arrival_prison, layout_loops_ring, serial_shops,
          nicolae_shop_competitors_out_of_business
D:2:      layout_rooms, grunt_ministairs_13, uniq_terence

Skill      XL: |  1  2 |
---------------+-------+-----
Stealth        | 1 |  1.0
Fighting       | |  1.4
Dodging        | |  2.1
Unarmed Combat | |  3.0
Spellcasting   | |  2.2
Transmutations | |  2.3

Action                   || total
-------------------------++-------
Melee: Unarmed           ||    28
       Kick              ||     8
       Constrict         ||     6
       Tentacles         ||     3
       Punch             ||     2
 Cast: Beastly Appendage ||    11
 Stab: Sleeping          ||     7
Armor: Skin              ||     3
Dodge: Dodged            ||     9
